 Dungeon Crawl Stone Soup version 0.14-a0-1527-g89529d6 (webtiles) character file.

31832 Jenx the Severer (level 13, -11/113 HPs)
             Began as a Minotaur Berserker on Dec 17, 2013.
             Was a High Priest of Trog.
             Killed from afar by a fire dragon (41 damage)
             ... with a blast of flame
             ... on Level 11 of the Dungeon.
             The game lasted 01:04:57 (14630 turns).

Jenx the Severer (Minotaur Berserker)              Turns: 14630, Time: 01:04:58

HP -11/113       AC 25     Str 24      XL: 13   Next: 23%
MP   5/5         EV  7     Int  5      God: Trog [*****.]
Gold 867         SH  0     Dex 12      Spells:  0 memorised, 12 levels left

rFire  . . .     SeeInvis +     a - +3,+5 executioner's axe (venom)
rCold  . . .     Clarity  .     F - +1 plate armour
rNeg   . . .     Conserve .     (no shield)
rPois  .         rCorr    .     X - +2 wizard hat
rElec  .         rRot     .     (no cloak)
SustAb . .       Spirit   .     R - +0 pair of gloves
rMut   +         Warding  .     (no boots)
Saprov . . .     Stasis   .     O - amulet of resist mutation
                                h - +6 ring of protection
                                W - ring of see invisible

@: regenerating, very heavily drained, very resistant to hostile enchantments,
extremely unstealthy
A: retaliatory headbutt, horns 2
a: Burn Spellbooks, Berserk, Trog's Hand, Brothers in Arms, Renounce Religion


You were on level 11 of the Dungeon.
You worshipped Trog.
Trog was extremely pleased with you.
You were hungry.

You visited 2 branches of the dungeon, and saw 18 of its levels.
You also visited: Sewer.

You collected 1171 gold pieces.
You spent 304 gold pieces at shops.

Inventory:

Hand weapons
 a - a +3,+5 executioner's axe of venom (weapon)
 b - a +1,+4 battleaxe of electrocution
Armour
 F - a +1 plate armour (worn)
 R - a +0 pair of gloves (worn)
 X - a +2 wizard hat (worn)
Magical devices
 g - a wand of disintegration (3)
 i - a wand of heal wounds (4)
 n - a wand of random effects (8) {unknown}
 o - a wand of digging (10)
 x - a wand of draining (5)
 y - a wand of fire (8) {unknown}
 z - a wand of enslavement (10)
 L - a wand of disintegration (8)
 Q - a wand of enslavement (16)
 S - a wand of cold (6)
 U - a wand of confusion (15) {unknown}
 Z - a wand of teleportation (6)
Comestibles
 c - 5 bread rations
 T - a meat ration
Scrolls
 k - a scroll of fear
 l - a scroll of holy word
 m - 2 scrolls of teleportation
 p - a scroll of fog
 C - 2 scrolls of blinking
 E - a scroll of recharging
Jewellery
 f - an uncursed ring of ice {unknown}
 h - a +6 ring of protection (right hand)
 t - an uncursed amulet of conservation
 u - an uncursed ring of regeneration
 O - an amulet of resist mutation (around neck)
 W - a ring of see invisible (left hand)
Potions
 j - 4 potions of speed
 r - 4 potions of magic {unknown}
 s - a potion of berserk rage {unknown}
 v - 8 potions of curing
 w - 2 potions of poison {unknown}
 A - 3 potions of might {unknown}
 B - 2 potions of brilliance {unknown}
 D - a potion of flight {unknown}
 K - a potion of mutation {unknown}
 M - a potion of cure mutation {unknown}
 P - a potion of degeneration {unknown}
 Y - a potion of agility {unknown}
Books
 N - a book of the Sky

   Spells                             Type                      Level
   Flight                             Charms/Air                   3
   Airstrike                          Air                          4
   Silence                            Hexes/Air                    5
   Deflect Missiles                   Charms/Air                   6
   Conjure Ball Lightning             Conjuration/Air              6
   Tornado                            Air                          9
   Trog disapproves of the use of such an item.
 V - a book of Power

   Spells                             Type                      Level
   Iskenderun's Mystic Blast          Conjuration                  4
   Venom Bolt                         Conjuration/Poison           5
   Bolt of Magma                      Conjuration/Fire/Earth       5
   Fulminant Prism                    Conjuration/Hexes            5
   Iron Shot                          Conjuration/Earth            6
   Orb of Destruction                 Conjuration                  7
   Trog disapproves of the use of such an item.
Miscellaneous
 H - a phial of floods


   Skills:
 - Level 10.2(6.5) Fighting
 + Level 18.0(13.6) Axes
 + Level 16.0(11.8) Armour
 - Level 2.1(0.0) Dodging


You had 12 spell levels left.
You didn't know any spells.

Dungeon Overview and Level Annotations

Branches:
Dungeon (11/16)            Temple (0/1) D:6            Lair (7/8) D:10
  Swamp (0/5) Lair:3       Spider (0/5) Lair:3
    Orc: D:9-12       Slime: Lair:6-8

Altars:
Fedhas
Kikubaaqudgha
Okawaru
Sif Muna
Yredelemnul
the Shining One

Shops:
D:5 *   D:7 [   D:8 *   D:11 +[=

Annotations:
D:8 exclusion: door


Innate Abilities, Weirdness & Mutations

You reflexively headbutt those who attack you in melee.
You have a pair of horns on your head.


Message History

Drink which item? (? for menu, Esc to quit)
You feel better.
You hear the faint crackling of a melting archway, a long way away.
The fire dragon bites you but does no damage.
The fire dragon barely misses you.
The fire dragon tramples you but does no damage.
Use which ability? (? or * to list)
Your skin crawls.
You feel resistant to hostile enchantments.
You feel slightly more hungry. The fire dragon bites you.
* * * LOW HITPOINT WARNING * * *
The fire dragon claws you but does no damage.
The fire dragon tramples you but does no damage.
Use which ability? (? or * to list)
Your troll goes berserk!
You feel somewhat more hungry. The fire dragon breathes flames at you.
The blast of flame hits you!
One of your 2 scrolls of recharging catches fire!
You die...

###########
?....≈≈≈≈..###
[)!..§.≈≈≈....##
||$$..§§≈......###
#$$≈≈≈≈.........#####
#§§≈≈≈≈.............####
##≈≈§≈D.......#####.....
##≈≈≈.@.....## ######
#§≈≈≈T..#### # #########
# ### #.. #.# ###.#
#.... ##...


You could see a fire dragon and a friendly troll (berserk).

Vanquished Creatures
  Harold (Lair:1)
  The ghost of mopl the Grappler, an experienced TrHu of Okawaru (D:9)
  Nergalle (D:11)
  An unseen horror (D:11)
  A hill giant (D:8)
  A flaming corpse (D:8)
  3 griffons
  2 black mambas
  6 elephants (Lair:6)
  3 spiny frogs
  3 komodo dragons
  A spriggan (D:7)
  A troll (D:11)
  6 slime creatures (D:11)
  16 blink frogs
  A baby alligator (Lair:3)
  A wandering mushroom (Lair:6)
  2 basilisks
  4 sharks (Lair:2)
  14 yaks
  A deep elf fighter (D:10)
  A steam dragon (D:11)
  An elephant slug (Lair:3)
  6 hippogriffs
  2 hungry ghosts
  4 fire bats (D:8)
  6 wolves (Lair:7)
  7 porcupines
  A soldier ant (D:11)
  3 giant goldfish (Lair:2)
  A mottled dragon (D:11)
  An orc warrior (D:5)
  3 ice beasts
  A phantom (D:11)
  A centaur (D:8)
  3 sky beasts
  The ghost of Bastard the Slasher, an average LOWr (D:3)
  7 ogres
  10 crocodiles
  6 giant slugs
  17 giant frogs
  5 water moccasins
  A cyclops zombie (D:11)
  A gnoll sergeant (D:10)
  6 agate snails
  An eye of draining (D:10)
  4 killer bees (D:9)
  3 jellyfish (Lair:2)
  A troll skeleton (D:8)
  An electric eel (Lair:2)
  A yak skeleton (D:10)
  A centaur zombie (D:6)
  3 goliath beetles
  2 big fish (Lair:2)
  A giant frog zombie (D:6)
  5 orc priests
  3 crimson imps
  A giant frog skeleton (D:9)
  6 hounds
  10 iguanas
  3 orc wizards
  2 jellies
  3 scorpions
  2 worker ants
  9 spiders (Lair:3)
  20 sheep
  An ogre skeleton (D:4)
  20 adders
  10 gnolls
  39 green rats
  An inept feature mimic (D:11)
  3 worms
  5 giant mites
  A goliath beetle zombie (D:7)
  An adder skeleton (D:4)
  5 giant eyeballs
  14 giant geckos
  An ooze (D:4)
  35 orcs
  14 giant cockroaches
  17 hobgoblins
  39 jackals
  13 kobolds
  8 quokkas
  2 training dummies (D:5)
  3 ball pythons
  25 bats
  17 giant newts
  2 giant spores
  12 goblins
  A hobgoblin skeleton (D:4)
  A kobold zombie (D:7)
  An orc zombie (D:7)
  24 rats
  A spectral orc (D:11)
  18 ballistomycetes
  8 fungi
  6 plants
595 creatures vanquished.

Vanquished Creatures (collateral kills)
  5 hydras
  The ghost of KINGBONG the Bludgeoner, an experienced OgBe of Trog (Lair:2)
  A spiny frog (Lair:2)
  A black mamba (Lair:2)
  A giant frog (Lair:2)
  A hound (D:11)
  2 orcs (D:11)
  4 jackals
16 creatures vanquished.

Vanquished Creatures (others)
  3 fire vortices (D:8)
  A human (D:10)
  An ogre (D:8)
  2 giant spores
  A fungus (Lair:2)
  7 plants (Lair:2)
15 creatures vanquished.

Grand Total: 626 creatures vanquished

Notes
Turn   | Place    | Note
--------------------------------------------------------------
     0 | D:1      | Jenx, the Minotaur Berserker, began the quest for the Orb.
     0 | D:1      | Reached XP level 1. HP: 19/19 MP: 1/1
   164 | D:1      | Reached skill level 4 in Axes
   281 | D:1      | Reached XP level 2. HP: 23/26 MP: 1/1
   371 | D:1      | Acquired Trog's second power
   438 | D:1      | Reached skill level 5 in Axes
   462 | D:1      | Reached XP level 3. HP: 31/31 MP: 2/2
  1595 | D:3      | Reached XP level 4. HP: 39/39 MP: 2/2
  1620 | D:3      | HP: 1/39 [poisoned by a kobold]
  1625 | D:3      | HP: 1/39 [poisoned by a kobold]
  1955 | D:3      | Reached skill level 6 in Axes
  2169 | D:3      | Noticed Bastard's ghost (average LOWr)
  2220 | D:3      | Killed Bastard's ghost
  2220 | D:3      | Reached skill level 7 in Axes
  2220 | D:3      | Reached XP level 5. HP: 19/45 MP: 2/2
  2688 | D:4      | Reached skill level 8 in Axes
  2712 | D:4      | Reached XP level 6. HP: 47/51 MP: 3/3
  2721 | D:4      | Found a glowing drain.
  2759 | Sewer    | Entered a sewer
  2781 | Sewer    | Acquired Trog's third power
  3017 | Sewer    | Reached skill level 9 in Axes
  3294 | D:4      | Noticed an ogre
  3301 | D:4      | Killed an ogre
  3301 | D:4      | Reached XP level 7. HP: 52/57 MP: 3/3
  3319 | D:5      | Entered Level 5 of the Dungeon
  3332 | D:5      | Reached skill level 10 in Axes
  3391 | D:5      | Found an iron altar of Okawaru.
  3554 | D:5      | Found Pliehit's Assorted Antiques.
  3577 | D:5      | Bought a scroll of identify for 42 gold pieces
  3804 | D:5      | Reached skill level 11 in Axes
  3947 | D:5      | Received a gift from Trog
  4181 | D:6      | Reached XP level 8. HP: 58/64 MP: 3/3
  4189 | D:5      | Reached skill level 5 in Armour
  4242 | D:6      | Paralysed by a giant eyeball for 2 turns
  4307 | D:6      | Paralysed by a giant eyeball for 2 turns
  4436 | D:6      | Paralysed by a giant eyeball for 2 turns
  4459 | D:6      | Found a staircase to the Ecumenical Temple.
  4612 | D:5      | Bought a wizard hat for 52 gold pieces
  5006 | D:7      | Reached XP level 9. HP: 70/70 MP: 4/4
  5139 | D:7      | Reached skill level 10 in Armour
  5184 | D:7      | Found a blossoming altar of Fedhas.
  5276 | D:7      | Found Getza's Antique Armour Boutique.
  5387 | D:7      | Found a glowing golden altar of the Shining One.
  5395 | D:7      | Found a deep blue altar of Sif Muna.
  5458 | D:7      | Noticed a spriggan baker
  5464 | D:7      | Killed a spriggan baker
  5527 | D:8      | Noticed a hill giant
  5532 | D:8      | Killed a hill giant
  5759 | D:8      | Found Tuodip's Assorted Antiques.
  5795 | D:8      | Reached skill level 12 in Armour
  6236 | D:8      | Noticed a flaming corpse
  6240 | D:8      | Reached skill level 5 in Fighting
  6273 | D:8      | Reached XP level 10. HP: 35/84 MP: 4/4
  6304 | D:8      | Killed a flaming corpse
  6721 | D:9      | Noticed mopl's ghost (experienced TrHu)
  6731 | D:9      | Killed mopl's ghost
  6731 | D:9      | Reached skill level 10 in Fighting
  6763 | D:9      | Paralysed by a giant eyeball for 2 turns
  6877 | D:9      | Found a basalt altar of Yredelemnul.
  6953 | D:10     | Entered Level 10 of the Dungeon
  7053 | D:10     | Found a staircase to the Lair.
  7063 | Lair:1   | Entered Level 1 of the Lair of Beasts
  7245 | Lair:1   | Noticed Harold
  7263 | Lair:1   | HP: 4/93 [Harold/bolt of fire (29)]
  7269 | Lair:1   | Killed Harold
  7272 | Lair:1   | Received a gift from Trog
  7562 | Lair:1   | Reached skill level 13 in Axes
  7770 | Lair:1   | Reached XP level 11. HP: 100/100 MP: 4/4
  8076 | Lair:2   | Noticed a seven-headed hydra
  8173 | Lair:2   | Killed a seven-headed hydra
  8298 | Lair:2   | Noticed a seven-headed hydra
  8321 | Lair:2   | Killed a seven-headed hydra
  8330 | Lair:2   | Received a gift from Trog
  8376 | Lair:2   | Reached skill level 14 in Axes
  8757 | Lair:2   | Reached skill level 15 in Axes
  9069 | Lair:2   | Noticed KINGBONG's ghost (experienced OgBe)
  9081 | Lair:2   | Killed KINGBONG's ghost
  9299 | Lair:3   | Reached skill level 16 in Axes
  9379 | Lair:3   | Noticed an eight-headed hydra
  9400 | Lair:3   | Killed an eight-headed hydra
  9423 | Lair:3   | Noticed a five-headed hydra
  9424 | Lair:3   | Found a staircase to the Swamp.
  9430 | Lair:3   | Killed a seven-headed hydra
  9447 | Lair:3   | Received a gift from Trog
  9516 | Lair:3   | Reached XP level 12. HP: 103/106 MP: 5/5
  9537 | Lair:3   | Found a hole to the Spider Nest.
  9956 | Lair:3   | Reached skill level 17 in Axes
 11806 | Lair:6   | Received a gift from Trog
 12207 | Lair:6   | Got a brightly glowing leather armour
 12208 | Lair:6   | Identified the +3 leather armour of Pueseac {Str+1 Stlth++} (You found it on level 6 of the Lair of Beasts)
 12323 | Lair:6   | Identified a scroll of acquirement
 12642 | Lair:7   | Reached skill level 15 in Armour
 13677 | D:10     | Received a gift from Trog
 13809 | D:10     | Found an ancient bone altar of Kikubaaqudgha.
 13987 | D:11     | Reached XP level 13. HP: 103/113 MP: 5/5
 13991 | D:11     | Found Plumaqa's Magic Scroll Boutique.
 13994 | D:11     | Noticed a four-headed hydra
 14022 | D:11     | Killed a four-headed hydra
 14044 | D:11     | Found Psaiv's Jewellery Emporium.
 14058 | D:11     | Plumaqa's Magic Scroll Boutique was a mimic.
 14113 | D:11     | Found Phoazo's Armour Boutique.
 14207 | D:11     | Bought a +2 wizard hat for 210 gold pieces
 14271 | D:11     | Found Jovod's Book Shop.
 14351 | D:11     | Reached skill level 18 in Axes
 14358 | D:11     | Received a gift from Trog
 14571 | D:11     | Noticed Nergalle
 14588 | D:11     | Killed Nergalle
 14614 | D:11     | Noticed a fire dragon
 14630 | D:11     | Killed from afar by a fire dragon

Action                   |  1- 3 |  4- 6 |  7- 9 | 10-12 | 13-15 || total
-------------------------+-------+-------+-------+-------+-------++-------
Melee: Hand axe          |    96 |   231 |   108 |       |       ||   435
       Battleaxe         |       |       |   184 |   728 |    65 ||   977
       Executioner's axe |       |       |       |       |    21 ||    21
Invok: Trog's Hand       |       |     4 |     4 |     4 |     2 ||    14
       Berserk           |       |     1 |     2 |     2 |     1 ||     6
       Brothers in Arms  |       |       |       |     5 |     2 ||     7
       Burn Spellbooks   |       |       |       |     1 |     1 ||     2
Evoke: Wand              |     1 |       |       |     9 |     2 ||    12
  Use: Scroll            |       |     3 |     3 |    23 |     2 ||    31
       Potion            |       |       |       |     4 |     7 ||    11
